 Dungeon Crawl Stone Soup version 0.32-a0-7-ge934b4519a (webtiles) character file.

Game seed: 5867515904057675059

5 Xavori the Trooper (level 1, 0/20 HPs)
             Began as a Djinni Chaos Knight on Jan 14, 2024.
             Was a Plaything of Xom.
             Slain by a gnoll
             ... wielding a +0 spear
              (2 damage)
             ... on level 1 of the Dungeon.
             The game lasted 00:00:14 (482 turns).

Xavori the Trooper (Djinni Chaos Knight)             Turns: 482, Time: 00:00:14

Health: 0/20       AC:  5    Str: 11    XL:     1   Next: 88%
Gold:   2          EV: 11    Int: 13    God:    Xom [..*...] SH:  0 Dex: 12

rFire   + + .        a - +0 falchion (chaos)
rCold   x . .        (no shield)
rNeg    . . .        b - +2 leather armour
rPois   ∞            (no helmet)
rElec   .            (no cloak)
rCorr   .            (no gloves)
SInv    .            (boots unavailable)
Will    .....        (no amulet)
Stlth   +            (no ring)
HPRegen 0.23/turn    (no ring)
MPRegen 0.00/turn

%: infuse magic (-1 HP)
@: flying
A: sickness immunity, fire resistance 2, cold vulnerability 1, float, innate
caster, HP casting, extra vitality 1
a: Renounce Religion


You were on level 1 of the Dungeon.
You worshipped Xom.
You were a toy of Xom.
You visited 1 branch of the dungeon, and saw 1 of its levels.

You collected 44 gold pieces.
You spent 42 gold pieces at shops.

Inventory:

Hand Weapons
 a - a +0 falchion of chaos (weapon)
Armour
 b - a +2 leather armour (worn)
Scrolls
 c - a scroll of butterflies
 d - a scroll of fear {unknown}
 i - a scroll of teleportation
Potions
 e - a potion of brilliance {unknown}
 f - a potion of curing {unknown}
 g - a potion of attraction {unknown}
 h - a potion of haste {unknown}


   Skills:
 + Level 3.0 Fighting
 + Level 2.7 Long Blades
 + Level 1.1 Armour
 + Level 2.2 Dodging
 * Level 0.2 Spellcasting
 * Level 0.2 Conjurations
 * Level 0.2 Hexes
   Level 0.0 Charms
 * Level 0.2 Summonings
 * Level 0.2 Necromancy
 * Level 0.2 Translocations
   Level 0.0 Transmutations
 * Level 0.2 Fire Magic
 * Level 0.2 Ice Magic
 * Level 0.2 Air Magic
 * Level 0.2 Earth Magic
 * Level 0.2 Alchemy You didn't know any spells. Your spell library was empty.

Dungeon Overview and Level Annotations

Branches:
Dungeon (1/15)

Altars:

Shops:
D:1 ?


Innate Abilities, Weirdness & Mutations

You are immune to sickness and miasma.
You are immune to poison.
Your flesh is very heat resistant. (rF++)
You are vulnerable to cold. (rC-)
You float through the air rather than walking.
You learn spells naturally, not from books.
Your magical power is your life essence.
You have superior vitality. (+4 MHP)


Message History

No target in view!
There is an entrance to Sitoygho's Magic Scroll Boutique here.
i - a scroll of teleportation Thank you for shopping at Sitoygho's Magic Scroll Boutique!
A gnoll comes into view. It is wielding a +0 spear.
The gnoll shouts!
A gnoll is nearby!
The gnoll completely misses you.
A gnoll is nearby!
You closely miss the gnoll. The gnoll hits you with a +0 spear.
A gnoll is nearby!
You hit the gnoll. You freeze the gnoll.
The gnoll is moderately wounded.
The gnoll hits you but does no damage.
A gnoll is nearby!
You hit the gnoll but do no damage.
The gnoll is moderately wounded.
The gnoll hits you with a +0 spear.
A gnoll is nearby!
You hit the gnoll. You burn the gnoll. You punch the gnoll.
The gnoll is almost dead.
The gnoll hits you with a +0 spear. The gnoll hits you but does no damage.
A gnoll is nearby!
You are too injured to fight recklessly!
You are too injured to fight recklessly!
A gnoll is nearby!
You are too injured to fight recklessly!
Unknown command.
You hit the gnoll but do no damage.
The gnoll is almost dead.
The gnoll hits you with a +0 spear.
* * * LOW HITPOINT WARNING * * *
You barely miss the gnoll.
The gnoll is almost dead.
The gnoll hits you with a +0 spear.
* * * LOW HITPOINT WARNING * * *
You barely miss the gnoll.
The gnoll is almost dead.
The gnoll hits you with a +0 spear.
You die...

#.#.#
#≈≈≈≈≈......#
#.#.#
##..........#
#.#.#
#..........#
#...#
#..........#
#####
#..........#
#
#..........#
#
#..........#
#
###.########
# #.@g......
########.#


You could see a gnoll.

Vanquished Creatures
  2 bats (D:1)
  A goblin (D:1)
  A kobold (D:1)
  A rat (D:1)
5 creatures vanquished.

Notes
Turn   | Place    | Note
-------+----------+-------------------------------------------
     0 | D:1      | Xavori the Djinni Chaos Knight began the quest for the Orb.
     0 | D:1      | Reached XP level 1. HP: 20/20 MP: 0/0
   445 | D:1      | Found Sitoygho's Magic Scroll Boutique.
   465 | D:1      | Bought a scroll of teleportation for 42 gold pieces
   482 | D:1      | Slain by a gnoll

Illustrated notes

Levels and vault maps discovered:
D:1:      heliophobic_arrival_dark_side_of_the_moon, layout_basic, serial_shops,
          nicolae_shop_peninsula, corexii_hall_statues_deadend

Action                     || total
---------------------------++-------
  Melee: Falchion          ||    15
         Punch             ||     1
 Armour: Leather armour    ||    13
  Dodge: Dodged            ||     9

Table legend: (Time is in decaauts)
 A = Elapsed time spent in this place.
 B = Non-inter-level travel time spent in this place.
 C = Inter-level travel time spent in this place.
 D = Time resting spent in this place.
 E = Time spent auto-exploring this place.
 F = Levels seen in this place.
 G = Mean time per level.
                   A        B        C        D        E       F      G
               +--------+--------+--------+--------+--------+-----+--------+
         Total |    484 |    484 |      0 |      0 |    437 |   1 |  484.0 |
       Dungeon |    484 |    484 |      0 |      0 |    437 |   1 |  484.0 |
               +--------+--------+--------+--------+--------+-----+--------+

Top non-repeatable levels by time:
     D:1: 484 daAuts
